Description

Very good build for beginners or players from Diamond, even if you already in the master league, 12 pool works very well, you can have some problems only versus Terrans...

Build Order

Get SALT Encoding   

  12  0:03  Extractor  After you got 100 vespen bring back workers on minerals
  11  0:21  Spawning Pool  
  10  0:30  Drone  
  11  0:40  Overlord  
  11  0:49  Drone  
  12  1:08  Zergling x6  
  15  1:15  Metabolic Boost  
  15  1:20  Zergling x2  
  16  1:32  Queen  
  16  1:38  Zergling x4  
  20  1:52  Overlord  
  20  2:02  Zergling x2  
  21  2:14  Zergling x2  
  22  2:27  Hatchery  
  21  2:31  Zergling x2  
  21  2:36  Zergling x2  
Spawning Tool Build Advisor. Get it on Overwolf

Analysis

(glhf)

Go to:

Details

  • Created by: MaXGrig 
  • Published on: Nov 09, 2019
  • Modified on: Nov 09, 2019
  • Patch: 4.7.1
Show
View Real Time Build Order
Export as new Build Order

Comments (0)

There are no comments. Be the first!

Create an account to comment!